 Dungeon Crawl Stone Soup version 0.31-a0-202-g547052bce9 (webtiles) character file.

Game seed: 7415586308493798459

15 qw the Shooter (level 2, 0/16 HPs)
             Began as a Deep Elf Hunter on June 26, 2023.
             Slain by a giant cockroach (2 damage)
             ... on level 1 of the Dungeon.
             The game lasted 00:00:09 (337 turns).

qw the Shooter (Deep Elf Hunter)                     Turns: 337, Time: 00:00:10

Health: 0/16       AC:  3    Str:  8    XL:     2   Next: 34%
Magic:  4/4        EV: 12    Int: 13    God:
Gold:   68         SH:  0    Dex: 18    Spells: 1/1 levels left

rFire   . . .        a - +0 shortbow
rCold   . . .        (shield currently unavailable)
rNeg    . . .        c - +0 leather armour
rPois   .            (no helmet)
rElec   .            (no cloak)
rCorr   .            (no gloves)
SInv    .            (no boots)
Will    .....        (no amulet)
Stlth   ++           (no ring)
HPRegen 0.22/turn    (no ring)
MPRegen 0.09/turn

%: no passive effects
@: no status effects
A: no striking features
a: no special abilities


You were on level 1 of the Dungeon.
You visited 1 branch of the dungeon, and saw 1 of its levels.

You collected 68 gold pieces.


   Skills:
 - Level 1.5 Fighting
 + Level 6.2 Ranged Weapons
 - Level 2.4 Dodging
 - Level 1.2 Stealth


You had one spell level left.
You didn't know any spells.
Your spell library was empty.

Inventory:

Hand Weapons
 a - a +0 shortbow (weapon)
Armour
 c - a +0 leather armour (worn)
Scrolls
 b - a scroll of butterflies
 e - a scroll of identify {unknown}
 f - a scroll of fog {unknown}
Potions
 d - 2 potions of curing {unknown}

Dungeon Overview and Level Annotations

Branches:
Dungeon (1/15)

Altars:


Message History

Enter note:
Enter note: 2 hobgoblins come into view.
The hobgoblin shouts! x2
The hobgoblin moves out of view.
Enter note:
Enter note: You shoot an arrow.
The arrow closely misses the hobgoblin.
The hobgoblin misses you.
You shoot an arrow. The arrow hits the hobgoblin.
The hobgoblin is moderately wounded.
A giant cockroach comes into view.
The hobgoblin barely misses you.
You shoot an arrow. The arrow hits the hobgoblin.
The hobgoblin is almost dead.
A quokka comes into view.
The hobgoblin barely misses you.
You shoot an arrow. The arrow hits the hobgoblin!
You kill the hobgoblin!
The hobgoblin barely misses you.
The giant cockroach bites you but does no damage.
You shoot an arrow.
The arrow hits the hobgoblin but does no damage.
The giant cockroach closely misses you. The hobgoblin hits you.
The giant cockroach barely misses you.
You shoot an arrow.
The arrow hits the hobgoblin but does no damage.
The hobgoblin hits you. The giant cockroach barely misses you.
The hobgoblin closely misses you.
You shoot an arrow.
The arrow hits the hobgoblin but does no damage.
The giant cockroach bites you. The hobgoblin hits you.
You shoot an arrow. The arrow completely misses the quokka.
The quokka bites you but does no damage.
The giant cockroach closely misses you. The hobgoblin hits you.
The quokka bites you. The giant cockroach closely misses you.
You shoot an arrow. The arrow hits the quokka!
You kill the quokka!
The giant cockroach bites you.
You die...

##...####(# #..#..# #.#
##..#..###.# ###
#..###..##.# ##... #.##
##.##.# .....# ##.#
#.##.. ......# ##.##.
##.#.#
..>...B####.###.#####..#
......g@................
......%########.##....##
....... ####........##
....... .....#.##.###
....... ####...#..#
....... ..........#
......# ..........#####
...... ...............
..........#####


You could see a giant cockroach and a hobgoblin.

Vanquished Creatures
  A ball python (D:1)
  2 giant cockroaches (D:1)
  A goblin (D:1)
  2 hobgoblins (D:1)
  2 quokkas (D:1)
  A bat (D:1)
  3 frilled lizards (D:1)
  2 kobolds (D:1)
  2 rats (D:1)
16 creatures vanquished.

Notes
Turn   | Place    | Note
-------+----------+-------------------------------------------
     0 | D:1      | qw the Deep Elf Hunter began the quest for the Orb.
     0 | D:1      | Reached XP level 1. HP: 12/12 MP: 3/3
     0 | D:1      | 0 ||| qw: Version: 0.3-a-22-g0ed2b0b
     0 | D:1      | 0 ||| qw: Game counter: 5835
     0 | D:1      | 0 ||| qw: Melee chars always use a shield: true
     0 | D:1      | 0 ||| qw: God list: Okawaru
     0 | D:1      | 0 ||| qw: Allow faded altars: false
     0 | D:1      | 0 ||| qw: Do Orc after clearing Dungeon:15 true
     0 | D:1      | 0 ||| qw: Do second Lair branch before Depths: true
     0 | D:1      | 0 ||| qw: Lair rune preference: random
     0 | D:1      | 0 ||| qw: Goals: Normal
     0 | D:1      | 0 ||| PLANNING D:1-11
   139 | D:1      | Reached XP level 2. HP: 16/16 MP: 4/4
   150 | D:1      | Reached skill level 6 in Ranged Weapons
   336 | D:1      | HP: 4/16 [hobgoblin (3)]
   336 | D:1      | HP: 1/16 [quokka (3)]
   337 | D:1      | Slain by a giant cockroach

Levels and vault maps discovered:
D:1:      dpeg_arrival_simpleton_a, layout_rooms

Skill      XL: |  1  2 |
---------------+-------+-----
Ranged Weapons | 6 |  6.2
Fighting       | |  1.5
Dodging        | |  2.4
Stealth        | |  1.2

Action                     || total
---------------------------++-------
   Fire: Shortbow          ||    46
 Armour: Leather armour    ||     5
  Dodge: Dodged            ||    17

Table legend:
 A = Non-vault XP
 B = Vault XP
 C = Vault XP percentage of total XP
 D = Non-vault monster count
 E = Vault monster count
 F = Vault count percentage of total count
                 A         B        C        D         E       F
            +---------+---------+-------+---------+---------+-------
      Total |      24 |       0 |   0.0 |      16 |       0 |   0.0
            +---------+---------+-------+---------+---------+-------
        D:1 |      24 |       0 |   0.0 |      16 |       0 |   0.0
            +---------+---------+-------+---------+---------+-------
